 Dungeon Crawl Stone Soup version 0.29-a0-901-g46a8461d6a (webtiles) character file.

Game seed: 9127720319368506508

3760 Ishtari the Cleaver (level 10, -7/132 HPs)
             Began as a Hill Orc Fighter on July 23, 2022.
             Was an Initiate of Trog.
             Mangled by Grum
             ... wielding a +1 glaive
              (12 damage)
             ... on level 8 of the Dungeon.
             The game lasted 00:27:15 (9093 turns).

Ishtari the Cleaver (Hill Orc Fighter)              Turns: 9093, Time: 00:27:15

Health: -7/132     AC: 20    Str: 24    XL:     10   Next: 15%
Magic:  10/10      EV:  7    Int:  8    God:    Trog [......]
Gold:   328        SH:  4    Dex: 10    Spells: 9/9 levels left

rFire   + . .      SeeInvis .   A - +5 morningstar
rCold   x . .      Faith    .   c - +0 buckler
rNeg    . . .      Spirit   .   e - +1 plate armour
rPois   .          Reflect  .   t - +1 helmet
rElec   .          Harm     .   w - +0 cloak
rCorr   .          Rampage  .   u - +0 pair of gloves
Will    .....                   (no boots)
Stlth   ..........              (no amulet)
HPRegen 0.32/turn               D - ring of fire
MPRegen 0.12/turn               (no ring)

@: berserking (expiring), very quick
A: no striking features
a: Renounce Religion


You were on level 8 of the Dungeon.
You worshipped Trog.
Trog was noncommittal.
You visited 2 branches of the dungeon, and saw 9 of its levels.

You collected 393 gold pieces.
You spent 65 gold pieces at shops.

Inventory:

Hand Weapons
 a - a +1 war axe
 y - a +3 scimitar
 A - a +5 morningstar (weapon)
 C - a +3 falchion of electrocution
Missiles
 i - 2 throwing nets (quivered)
Armour
 b - a +0 scale mail
 c - a +0 buckler (worn)
 e - a +1 plate armour (worn)
 j - a scarf of repulsion
 t - a +1 helmet (worn)
 u - a +0 pair of gloves (worn)
 w - a +0 cloak (worn)
Jewellery
 D - a ring of fire (left hand)
Wands
 h - a wand of flame (22)
Scrolls
 d - a scroll of identify
 o - 2 scrolls of magic mapping
 p - 4 scrolls of amnesia
 r - 4 scrolls of teleportation
 s - a scroll of silence
 x - a scroll of blinking
 B - a scroll of fear
Potions
 f - a potion of brilliance {unknown}
 g - 2 potions of flight
 k - 7 potions of curing {unknown}
 l - a potion of berserk rage {unknown}
 m - a potion of magic {unknown}
 n - a potion of ambrosia {unknown}
 q - 6 potions of degeneration {unknown}
 v - a potion of haste {unknown}
 z - 2 potions of mutation {unknown}
 E - 2 potions of might


   Skills:
 * Level 8.2 Fighting
 - Level 2.1(2.2) Short Blades
 - Level 1.0(1.9) Long Blades
 - Level 11.0(11.5) Axes
 * Level 4.0(7.1) Maces & Flails
 * Level 9.1 Armour
 + Level 1.2 Dodging
 + Level 4.5 Shields
 - Level 1.8 Evocations


You had 9 spell levels left.
You didn't know any spells.
Your spell library contained the following spells:

 Spells                   Type           Power      Damage    Failure   Level
 Magic Dart               Conj           0%         1d3       100%        1
 Slow                     Hex            0%         N/A       100%        1
 Call Imp                 Summ           0%         N/A       100%        2
 Sublimation of Blood     Necr           0%         N/A       100%        2
 Wereblood                Tmut           0%         N/A       100%        2
 Call Canine Familiar     Summ           0%         N/A       100%        3
 Confusing Touch          Hex            0%         N/A       100%        3
 Frozen Ramparts          Ice            0%         1d2       100%        3
 Mephitic Cloud           Conj/Pois/Air  0%         N/A       100%        3
 Ozocubu's Armour         Ice            0%         N/A       100%        3
 Portal Projectile        Hex/Tloc       0%         N/A       100%        3
 Summon Guardian Golem    Hex/Summ       0%         N/A       100%        3
 Vampiric Draining        Necr           0%         2d6       100%        3
 Ice Form                 Ice/Tmut       0%         N/A       100%        4
 Leda's Liquefaction      Hex/Erth       0%         N/A       100%        4
 Olgreb's Toxic Radiance  Pois           0%         N/A       100%        4
 Summon Ice Beast         Ice/Summ       0%         N/A       100%        4
 Freezing Cloud           Conj/Ice/Air   0%         6-21      100%        5
 Metabolic Englaciation   Hex/Ice        0%         N/A       100%        5
 Simulacrum               Ice/Necr       0%         N/A       100%        6
 Orb of Destruction       Conj           0%         9d5       100%        7
 Ozocubu's Refrigeration  Ice            0%         4d5       100%        7
 Spellforged Servitor     Conj/Summ      0%         N/A       100%        7
 Summon Hydra             Summ           0%         N/A       100%        7
 Ignition                 Fire           0%         3d3       100%        8
 Polar Vortex             Ice            0%         N/A       100%        9


Dungeon Overview and Level Annotations

Branches:
Dungeon (8/15)             Temple (1/1) D:4
   Lair: D:8-11

Altars:
Ashenzari
Cheibriados
Dithmenos
Elyvilon
Gozag
Hepliaklqana
Makhleb
Nemelex Xobeh
Okawaru
Ru
Sif Muna
Trog
Vehumet
Wu Jian
Xom
Yredelemnul
The Shining One

Shops:
D:4 !   D:5 =

Annotations:
D:8 Grum


Message History

You closely miss the wolf.
The wolf is heavily wounded.
You feel yourself speed up. The wolf bites you but does no damage.
You block Grum's attack. The wolf closely misses you. Grum barely misses you.
You impale the wolf!!
You kill the wolf!
Trog accepts your kill.
Your base Maces & Flails skill increases to level 4!
You miss the wolf.
Grum hits you from afar with a +1 glaive!
* * * LOW HITPOINT WARNING * * *
The wolf bites you.
* * * LOW HITPOINT WARNING * * *
You puncture the wolf!
The wolf is severely wounded.
The wolf closely misses you.
Grum hits you from afar with a +1 glaive!
* * * LOW HITPOINT WARNING * * *
The wolf closely misses you.
You barely miss the wolf.
The wolf is severely wounded.
The wolf bites you but does no damage. Grum barely misses you.
You barely miss the wolf.
The wolf is severely wounded.
The wolf bites you but does no damage.
You barely miss the wolf.
The wolf is severely wounded.
You block the wolf's attack. Grum misses you.
You miss the wolf.
The wolf is severely wounded.
The wolf bites you but does no damage.
Grum lets out an intimidating howl.
You block Grum's attack.
You barely miss the wolf.
The wolf is severely wounded.
The wolf completely misses you. The wolf bites you.
* * * LOW HITPOINT WARNING * * *
Grum hits you from afar with a +1 glaive!
You die... .>. ... ..h.
K.... ##K.. ##Khh

########## #Kg#
#........# #h#
#........# ##@#
#<.......####..#
#........##..>##
#........#...##
#........###.## .
#........###..##...#
#...................
#####.#######....###
#.# ###.#


You could see Grum, a wolf, a howler monkey and 4 kobolds.

Vanquished Creatures
  Grinder (D:4)
  2 hornets (D:7)
  Menkaure (D:5)
  Edmund (D:6)
  A water moccasin (D:4)
  2 sky beasts
  3 wolves (D:8)
  A centaur (D:7)
  An ogre (D:4)
  A phantom (D:5)
  3 kobold brigands
  A bullfrog (D:5)
  A gnoll sergeant (D:7)
  A necrophage (D:7)
  2 scorpions
  10 wights
  2 killer bees (D:6)
  2 howler monkeys
  2 jellies
  5 orc priests
  5 hounds
  2 gnoll boudas
  3 iguanas
  Ijyb (D:5)
  3 orc wizards
  14 gnolls
  9 adders
  A shadow imp (D:7)
  4 dart slugs
  22 orcs
  8 ball pythons
  5 bats
  8 endoplasms
  4 giant cockroaches (D:1)
  6 goblins
  11 hobgoblins
  10 jackals
  13 kobolds
  5 quokkas
  5 frilled lizards
  6 rats
188 creatures vanquished.

Notes
Turn   | Place    | Note
-------+----------+-------------------------------------------
     0 | D:1      | Ishtari the Hill Orc Fighter began the quest for the Orb.
     0 | D:1      | Reached XP level 1. HP: 19/19 MP: 1/1
    63 | D:1      | Reached skill level 3 in Axes
    68 | D:1      | Reached XP level 2. HP: 23/27 MP: 2/2
   288 | D:1      | Reached XP level 3. HP: 24/33 MP: 3/3
   698 | D:1      | Found a faded altar of an unknown god.
   829 | D:2      | Reached skill level 4 in Axes
   931 | D:2      | Reached XP level 4. HP: 40/40 MP: 4/4
  1690 | D:3      | Reached skill level 5 in Axes
  1690 | D:3      | Reached XP level 5. HP: 47/47 MP: 5/5
  1692 | D:3      | Reached skill level 1 in Evocations
  2138 | D:3      | Reached skill level 6 in Axes
  2138 | D:3      | Reached XP level 6. HP: 33/53 MP: 6/6
  2282 | D:3      | Found an iron altar of Okawaru.
  2324 | D:4      | Found an ornate altar of the Wu Jian Council.
  2439 | D:4      | Found Jewnachu's Distillery.
  2447 | D:4      | Bought a potion of heal wounds for 65 gold pieces
  2468 | D:4      | Noticed a water moccasin
  2478 | D:4      | Killed a water moccasin
  2480 | D:4      | Reached skill level 7 in Axes
  2480 | D:4      | Reached XP level 7. HP: 38/60 MP: 7/7
  2592 | D:4      | Noticed Grinder
  2606 | D:4      | Killed Grinder
  2607 | D:4      | Reached skill level 5 in Fighting
  2607 | D:4      | Reached skill level 8 in Axes
  2607 | D:4      | Reached skill level 5 in Armour
  2811 | D:4      | Found a staircase to the Ecumenical Temple.
  2833 | Temple   | Entered the Ecumenical Temple
  3249 | D:4      | Found a shimmering altar of Xom.
  3342 | D:5      | Entered Level 5 of the Dungeon
  3342 | D:5      | Found a shadowy altar of Dithmenos.
  3501 | D:5      | Noticed Menkaure
  3504 | D:5      | Killed Menkaure
  3505 | D:5      | Reached XP level 8. HP: 68/68 MP: 8/8
  3727 | D:5      | Found Xyguw's Jewellery Emporium.
  3853 | D:5      | Reached skill level 9 in Axes
  4028 | D:5      | Noticed Ijyb
  4031 | D:5      | Paralysed by Ijyb for 2 turns
  4036 | D:5      | Killed Ijyb
  4175 | D:6      | Reached skill level 1 in Dodging
  4183 | D:6      | Reached skill level 10 in Axes
  4287 | D:6      | Reached skill level 1 in Long Blades
  4452 | D:6      | Found a sacrificial altar of Ru.
  4977 | D:6      | Reached XP level 9. HP: 49/78 MP: 9/9
  5222 | D:6      | Found a shimmering blue altar of Sif Muna.
  5225 | D:6      | Noticed Edmund
  5243 | D:6      | Killed Edmund
  5244 | D:6      | Reached skill level 1 in Short Blades
  6179 | D:7      | Noticed a hornet
  6188 | D:7      | Paralysed by a hornet for 3 turns
  6196 | D:7      | Killed a hornet
  6197 | D:7      | Reached skill level 11 in Axes
  6801 | D:7      | Found a snail-covered altar of Cheibriados.
  6801 | D:7      | Found a sparkling altar of Nemelex Xobeh.
  6883 | D:7      | HP: 1/79 [gnoll sergeant/+2 vampiric spear (5)]
  7477 | D:7      | HP: 3/72 [shadow imp/nerve-wracking pain (10)]
  8053 | D:7      | Found a bloodstained altar of Trog.
  8059 | D:7      | Became a worshipper of Trog the Wrathful
  8497 | D:7      | Noticed a hornet
  8503 | D:7      | Paralysed by a hornet for 2 turns
  8509 | D:7      | Killed a hornet
  8510 | D:7      | Reached skill level 1 in Maces & Flails
  9000 | D:7      | Reached XP level 10. HP: 86/88 MP: 10/10
  9071 | D:8      | Noticed Grum
  9080 | D:8      | Reached * piety under Trog
  9088 | D:8      | HP: 5/132 [Grum/+1 glaive (8)]
  9093 | D:8      | HP: 5/132 [wolf[Grum] (2)]
  9093 | D:8      | Mangled by Grum

Illustrated notes

Levels and vault maps discovered:
D:1:      minmay_arrival_diagonal_passages, layout_rooms,
          shapermc_ecumenical_altar_mp_vishouse
D:2:      layout_basic
D:3:      minmay_inner_zag, layout_basic, lemuel_coloured_pillars_altar,
          minmay_circle_x
D:4:      layout_loops_ring, xom_teletrap_fun, mainiacjoe_overflow_paths,
          minmay_temple_entry_sparse_star, serial_shops, shop, uniq_grinder
D:5:      layout_basic, nicolae_dithmenos_the_darkroom, serial_shops,
          nicolae_shop_stone, nrook_campfire, uniq_ijyb, uniq_menkaure
D:6:      layout_loops_corners, nicolae_ru_the_path_less_chosen,
          mainiacjoe_overflow_surrounded_room, uniq_edmund
D:7:      layout_cave_pods, mainiacjoe_overflow_six_doors_small,
          mainiacjoe_overflow_divided_tiny
D:8:      layout_rooms, lair_entry_dummy, gammafunk_ghost_stat_death,
          uniq_joseph, uniq_grum
Temple:   hellmonk_temple_forest_ring

Skill      XL: |  1  2  3  4  5  6  7  8  9 10 |
---------------+-------------------------------+-----
Axes           | 3 4 5 6 7 8 10 11 | 11.0
Fighting       | 4 5 6 8 |  8.2
Armour         | 4 5 6 8 9 |  9.1
Evocations     | 1 |  1.8
Dodging        | 1 |  1.2
Shields        | 4 |  4.5
Long Blades    | 1 |  1.0
Short Blades   | 2 |  2.1
Maces & Flails | 1 4 |  4.0

Action                   |  1- 3 |  4- 6 |  7- 9 | 10-12 || total
-------------------------+-------+-------+-------+-------++-------
Melee: War axe           |    82 |   157 |   140 |       ||   379
       Falchion          |       |       |   190 |       ||   190
       Scimitar          |       |       |    10 |       ||    10
       Morningstar       |       |       |    35 |    49 ||    84
Invok: Berserk           |       |       |       |     1 ||     1
Evoke: Wand              |       |     4 |    12 |     2 ||    18
  Use: Scroll            |     4 |     6 |     8 |       ||    18
       Potion            |       |       |     6 |       ||     6
 Stab: Distracted        |       |     1 |       |       ||     1
       Paralysed         |       |       |     1 |       ||     1
Armor: Scale mail        |    49 |       |       |       ||    49
       Plate armour      |     7 |   104 |   350 |    50 ||   511
Dodge: Dodged            |    48 |    49 |   167 |    37 ||   301
       Repelled          |     1 |       |       |       ||     1
Block: Buckler           |    28 |    35 |    94 |    20 ||   177

Table legend: (Time is in decaauts)
 A = Elapsed time spent in this place.
 B = Non-inter-level travel time spent in this place.
 C = Inter-level travel time spent in this place.
 D = Time resting spent in this place.
 E = Time spent auto-exploring this place.
 F = Levels seen in this place.
 G = Mean time per level.
                   A        B        C        D        E       F      G
               +--------+--------+--------+--------+--------+-----+--------+
         Total |   9268 |   9153 |    115 |   3045 |   4354 |   9 | 1029.8 |
       Dungeon |   9092 |   8977 |    115 |   3045 |   4214 |   8 | 1136.5 |
        Temple |    175 |    175 |      0 |      0 |    140 |   1 |  175.0 |
               +--------+--------+--------+--------+--------+-----+--------+

Top non-repeatable levels by time:
     D:7: 2844 daAuts
     D:6: 2190 daAuts
     D:3: 969 daAuts
     D:4: 858 daAuts
     D:1: 837 daAuts
     D:5: 744 daAuts
     D:2: 574 daAuts
  Temple: 175 daAuts
     D:8: 72 daAuts
